 Dungeon Crawl Stone Soup version 0.23-a0-356-g1757c6e (webtiles) character file.

71 tilp the Chiller (level 4, -1/30 HPs)
             Began as a Merfolk Ice Elementalist on Oct 21, 2018.
             Slain by a river rat (9 damage)
             ... in a sewer.
             The game lasted 00:05:33 (1816 turns).

tilp the Chiller (Merfolk Ice Elementalist)         Turns: 1816, Time: 00:05:34

Health: -1/30      AC:  4    Str:  8    XL:     4   Next: 24%
Magic:  1/7        EV: 13    Int: 15    God:
Gold:   76         SH:  0    Dex: 14    Spells: 1/7 levels left

rFire    . . .     SeeInvis .   j - +0 dagger
rCold    . . .     Gourm    .   (no shield)
rNeg     . . .     Faith    .   a - +1 robe
rPois    .         Spirit   .   k - +1 hat
rElec    .         Reflect  .   (no cloak)
rCorr    .         Harm     .   (no gloves)
MR       .....                  (no boots)
Stlth    ++........             (no amulet)
HPRegen  0.10/turn              (no ring)
MPRegen  0.10/turn              (no ring)

@: no status effects
A: change form in water, swift swim, stealthy swim
a: no special abilities


You were in a sewer.
You were hungry.

You visited 1 branch of the dungeon, and saw 3 of its levels.
You also visited: Sewer.

You collected 76 gold pieces.

Inventory:

Hand Weapons
 j - a +0 dagger (weapon)
Missiles
 b - 56 stones (quivered)
Armour
 a - a +1 robe (worn)
 k - a +1 hat (worn)
Scrolls
 g - 3 scrolls of remove curse
 h - 2 scrolls of blinking
Comestibles
 c - a ration


   Skills:
 - Level 2.6 Dodging
 - Level 2.1 Stealth
 - Level 2.0 Spellcasting
 - Level 0.7 Conjurations
 + Level 5.4 Ice Magic


You had one spell level left.
You knew the following spells:

 Your Spells              Type           Power        Failure   Level  Hunger
a - Freeze                Ice            ###.         2%          1    #......
b - Throw Frost           Conj/Ice       ##....       10%         2    ###....
c - Ozocubu's Armour      Chrm/Ice       #.......     22%         3    ###....

Your spell library contained the following spells:

 Spells                   Type           Power        Failure   Level  Hunger
 Throw Icicle             Conj/Ice       ##......     52%         4    #####..
 Summon Ice Beast         Ice/Summ       #.......     58%         4    #####..


Dungeon Overview and Level Annotations

Branches:
Dungeon (3/15)

Altars:


Message History

Aiming: Freeze (safe; 2% risk of failure)
Press: ? - help, Shift-Dir - straight line, f/p - river rat
Aim: a river rat (severely wounded)
You freeze the river rat.
You kill the river rat!
Casting: Freeze (safe; 2% risk of failure)
Confirm with . or Enter, or press ? or * to list all spells.
Aiming: Freeze (safe; 2% risk of failure)
Press: ? - help, Shift-Dir - straight line, f - river rat
Aim: a river rat You freeze the river rat.
The river rat is heavily wounded.
The river rat completely misses you.
You closely miss the river rat.
The river rat is heavily wounded.
The river rat bites you.
You barely miss the river rat.
The river rat is heavily wounded.
The river rat bites you!
You die...

#≈#
#.#
#.#
#.#
#r#
#.#
#†#
#@#
#r#
#∩#
#.#
#.#
#.#
#.#
###


You could see 2 river rats.

Vanquished Creatures
  A river rat (Sewer)
  3 adders (D:3)
  An ooze (D:1)
  2 leopard geckos (D:3)
  3 bats
  5 hobgoblins
  A quokka (D:2)
  3 frilled lizards
  7 goblins (D:1)
  5 rats
31 creatures vanquished.

Notes
Turn   | Place    | Note
-------+----------+-------------------------------------------
     0 | D:1      | tilp the Merfolk Ice Elementalist began the quest for the
                  | Orb.
     0 | D:1      | Reached XP level 1. HP: 13/13 MP: 3/3
   514 | D:1      | Reached XP level 2. HP: 19/19 MP: 3/5
   518 | D:1      | Learned a level 2 spell: Throw Frost
   539 | D:1      | Reached skill level 4 in Ice Magic
  1280 | D:2      | Reached XP level 3. HP: 24/24 MP: 3/6
  1285 | D:2      | Learned a level 3 spell: Ozocubu's Armour
  1388 | D:2      | You fall through a shaft!
  1474 | D:3      | Reached skill level 5 in Ice Magic
  1491 | D:2      | HP: 1/24 [poisoned by an adder]
  1795 | D:3      | Reached XP level 4. HP: 10/30 MP: 4/7
  1797 | D:3      | Found a glowing drain.
  1805 | Sewer    | Entered a sewer
  1816 | Sewer    | Slain by a river rat

Vault maps used:
D:1:      dpeg_arrival_rooms_b, fountainhead
D:2:      ashenzari_conservatory_becter, grunt_temple_overflow_diamond,
          first_ration, kennysheep_generic_room_7
D:3:      lightli_sewer_entry_pipes, lightli_corner_chamber
Sewer:    sewer_kobolds

Skill      XL: |  1  2  3 |
---------------+----------+-----
Ice Magic      | 4 5 |  5.4
Dodging        | |  2.6
Stealth        | |  2.1
Spellcasting   | |  2.0
Conjurations   | |  0.7

Action                   |  1- 3 |  4- 6 || total
-------------------------+-------+-------++-------
Melee: Unarmed           |     1 |       ||     1
       Dagger            |     9 |     2 ||    11
 Cast: Freeze            |    44 |     6 ||    50
       Throw Frost       |     1 |       ||     1
  Use: Scroll            |     5 |       ||     5
 Stab: Sleeping          |     2 |       ||     2
  Eat: Chunk             |     3 |       ||     3
Armor: Robe              |     6 |       ||     6
Dodge: Dodged            |    27 |     3 ||    30

Table legend:
 A = Non-vault XP
 B = Vault XP
 C = Vault XP percentage of total XP
 D = Non-vault monster count
 E = Vault monster count
 F = Vault count percentage of total count
                 A         B        C        D         E       F
            +---------+---------+-------+---------+---------+-------
      Total |      60 |      42 |  41.2 |      27 |       4 |  12.9
            +---------+---------+-------+---------+---------+-------
        D:1 |      31 |       0 |   0.0 |      17 |       0 |   0.0
        D:2 |       6 |       0 |   0.0 |       4 |       0 |   0.0
        D:3 |      23 |      27 |  54.0 |       6 |       2 |  25.0
      Sewer |       0 |      15 | 100.0 |       0 |       2 | 100.0
            +---------+---------+-------+---------+---------+-------
